 Dungeon Crawl Stone Soup version 0.21.1-1-g345015f (webtiles) character file.

236 zishaf the Skirmisher (level 6, -4/61 HPs)
             Began as a Hill Orc Monk on May 18, 2018.
             Slain by Pikel
             ... wielding a +1 whip of flaming
              (5 damage)
             ... on level 3 of the Dungeon.
             The game lasted 00:04:56 (3269 turns).

zishaf the Skirmisher (Hill Orc Monk)               Turns: 3269, Time: 00:04:57

Health: -4/61      AC: 11    Str: 13 (16) XL:     6   Next: 6%
Magic:  6/6        EV:  3    Int:  9 (10) God:
Gold:   111        SH:  0    Dex: 12 (13) Spells: 5/5 levels left

rFire    . . .     SeeInvis .   a - +1 hand axe (flame)
rCold    . . .     Gourm    .   (no shield)
rNeg     . . .     Faith    .   j - +0 plate armour
rPois    .         Spirit   .   (no helmet)
rElec    .         Reflect  .   (no cloak)
rCorr    .         Harm     .   (no gloves)
MR       .....                  i - +0 pair of boots
Stlth    ..........             (no amulet)
HPRegen  0.20/turn              (no ring)
MPRegen  0.10/turn              (no ring)

@: flying
A: no striking features
a: no special abilities


You were on level 3 of the Dungeon.
You were not hungry.

You visited 1 branch of the dungeon, and saw 4 of its levels.

You collected 111 gold pieces.

Inventory:

Hand Weapons
 a - a +1 hand axe of flaming (weapon)
Armour
 i - a +0 pair of boots (worn)
 j - a +0 plate armour (worn)
Wands
 p - a wand of digging (13)
Scrolls
 b - 2 scrolls of enchant armour {unknown}
 d - 3 scrolls of identify {unknown}
 k - 4 scrolls of teleportation {unknown}
 l - a scroll of remove curse {unknown}
 n - a scroll of enchant weapon {unknown}
 o - a scroll of noise {unknown}
Potions
 g - 2 potions of curing
 h - a potion of brilliance {unknown}
Comestibles
 c - 4 rations


   Skills:
 + Level 7.9 Fighting
 - Level 4.0 Axes
 - Level 2.4 Dodging
 - Level 1.5 Stealth


You had 5 spell levels left.
You didn't know any spells.

Dungeon Overview and Level Annotations

Branches:
Dungeon (4/15)
 Temple: D:4-7

Altars:

Annotations:
D:3 Pikel


Message History

It was a potion of cancellation.
Your magical effects are unravelling.
You feel magically purged.
You feel a little less agile now. The hound barely misses you.
The hound bites you but does no damage. The slave hits you.
* * * LOW HITPOINT WARNING * * *
Pikel hits you but does no damage. The slave hits you.
* * * LOW HITPOINT WARNING * * *
It was a potion of flight.
You feel very buoyant.
You fly up into the air.
The hound barely misses you. The slave hits you but does no damage.
Pikel hits you but does no damage. The slave hits you but does no damage.
It was a potion of degeneration.
There was something very wrong with that liquid.
You feel weakened.
You feel dopey.
You feel clumsy.
The hound bites you but does no damage. x2
The slave hits you but does no damage. Pikel hits you with a whip of flaming.
You die...

.# #.##.# #.# .####.##.#
#.# ...##.##.# #.#
##.##.##.# #.#
......##.# ###.#
P#.##.##.# #####...#
♣........# #.....#.#
≈≈.##.######.#.hp#.#
P♣♣............K@#.##
PP♣##.#####....#p#..##
≈P♣♣#.##.......#.....#
≈♣♣P..##.##.##.#....##
≈≈≈♣.................##
≈P≈≈####.#.....#......#
≈≈≈≈♣###>#.#.....)...##
≈P≈♣≈....#.#.#.#.#...#
≈PP♣♣....#.#.#.......###


You could see Pikel, 2 slaves and a hound.

Vanquished Creatures
  Terence (D:2)
  Jessica (D:3)
  Ijyb (D:3)
  Natasha (D:2)
  4 adders
  An ooze (D:1)
  3 worms
  2 dart slugs
  2 leopard geckos (D:1)
  5 giant cockroaches
  11 goblins
  9 hobgoblins
  11 jackals
  A quokka (D:2)
  6 bats
  5 frilled lizards
  5 kobolds
  10 rats
79 creatures vanquished.

Notes
Turn   | Place    | Note
-------+----------+-------------------------------------------
     0 | D:1      | zishaf the Hill Orc Monk began the quest for the Orb.
     0 | D:1      | Reached XP level 1. HP: 19/19 MP: 1/1
    27 | D:1      | Reached skill level 4 in Fighting
    44 | D:1      | Reached XP level 2. HP: 13/28 MP: 2/2
   537 | D:1      | Reached XP level 3. HP: 21/35 MP: 3/3
   552 | D:1      | Reached skill level 5 in Fighting
  1442 | D:2      | Noticed Natasha
  1453 | D:2      | Killed Natasha
  1453 | D:2      | Reached skill level 6 in Fighting
  1453 | D:2      | Reached XP level 4. HP: 10/44 MP: 4/4
  1778 | D:2      | Noticed Terence
  1853 | D:2      | Killed Terence
  1900 | D:2      | Reached XP level 5. HP: 49/51 MP: 5/5
  2622 | D:3      | Reached skill level 7 in Fighting
  2810 | D:3      | Noticed Ijyb
  2836 | D:3      | Killed Ijyb
  2957 | D:3      | Noticed Jessica
  2979 | D:3      | Killed Jessica
  2979 | D:3      | Reached XP level 6. HP: 58/61 MP: 6/6
  3251 | D:4      | Noticed Pikel
  3251 | D:4      | Noticed a slave
  3251 | D:4      | Noticed a slave
  3251 | D:4      | Noticed a slave
  3251 | D:4      | Noticed a slave
  3267 | D:3      | HP: 2/61 [slave[Pikel] (2)]
  3269 | D:3      | Slain by Pikel

Skill      XL: |  1  2  3  4  5 |
---------------+----------------+-----
Fighting       | 4 6 7 |  7.9
Axes           | |  4.0
Dodging        | |  2.4
Stealth        | |  1.5

Action                   |  1- 3 |  4- 6 || total
-------------------------+-------+-------++-------
Melee: Hand axe          |   141 |   176 ||   317
       Unarmed           |       |    16 ||    16
  Use: Potion            |       |     5 ||     5
 Stab: Distracted        |       |     1 ||     1
  Eat: Chunk             |     2 |     6 ||     8
Armor: Scale mail        |    10 |       ||    10
       Robe              |     1 |       ||     1
       Plate armour      |    62 |   175 ||   237
       Skin              |       |     1 ||     1
Dodge: Dodged            |    48 |    70 ||   118
